 Dungeon Sprint DCSS version 0.19.0-18-g426998a (webtiles) character file.

2517 Groucho the Cleaver (level 9, -1/90 HPs)
             Began as a Hill Orc Fighter on Nov 11, 2016.
             Was a Believer of Qazlal.
             Succumbed to a redback's poison
             ... in the Dungeon (Sprint III: "The Ten Rune Challenge").
             The game lasted 00:04:52 (2317 turns).

Groucho the Cleaver (Hill Orc Fighter)              Turns: 2317, Time: 00:04:52

Health: -1/90      AC:  9    Str: 27    XL:     9   Next: 54%
Magic:  15/16      EV:  9    Int:  8    God:    Qazlal [**....]
Gold:   26         SH: 16    Dex: 10    Spells: 0 memorised, 8 levels left

rFire  . . .     SeeInvis .     a - +0 war axe
rCold  . . .     Gourm    .     b - +0 scale mail
rNeg   . . .     Faith    .     c - +0 shield
rPois  .         Spirit   .     (no helmet)
rElec  .         Reflect  .     (no cloak)
rCorr  .         Harm     .     (no gloves)
MR     .....     NoTele   +     (no boots)
Stlth  ..........               (no amulet)
                                (no ring)
                                (no ring)

@: mighty, lethally poisoned (-1 -> -39)
A: no striking features
a: Upheaval, Renounce Religion


You were in the Dungeon.
You worshipped Qazlal.
Qazlal was pleased with you.
You were hungry.

You visited 1 branch You collected 26 gold pieces.

Inventory:

Hand Weapons
 a - a +0 war axe (weapon)
Armour
 b - a +0 scale mail (worn)
 c - a +0 shield (worn)
Wands
 q - a wand of random effects (26/48)
Scrolls
 k - a scroll of blinking
 l - a scroll of recharging {unknown}
 n - 2 scrolls of holy word {unknown}
 o - 3 scrolls of identify
 p - 3 scrolls of remove curse
Potions
 e - 2 potions of curing
 g - a potion of cure mutation {unknown}
 i - a potion of magic
 m - 3 potions of mutation {unknown}
 r - 2 potions of flight {unknown}
Books
 j - a book of Minor Magic

   Spells                             Type                      Level
   a - Magic Dart                     Conjuration                  1
   b - Blink                          Translocation                2
   c - Call Imp                       Summoning                    2
   d - Repel Missiles                 Charms/Air                   2
   e - Slow                           Hexes                        2
   f - Conjure Flame                  Conjuration/Fire             3
   g - Mephitic Cloud                 Conjuration/Poison/Air       3
 t - a book of Cantrips

   Spells                             Type                      Level
   a - Confusing Touch                Hexes                        1
   b - Animate Skeleton               Necromancy                   1
   c - Summon Small Mammal            Summoning                    1
   d - Apportation                    Translocation                1
Comestibles
 f - a bread ration
 s - 3 fruits


   Skills:
 * Level 11.8 Fighting
 * Level 14.6 Axes
 * Level 11.0 Armour
 * Level 11.0 Shields
 * Level 9.4 Invocations


You had 8 spell levels left.
You didn't know any spells.

Dungeon Overview and Level Annotations

Branches:
Dungeon (1/1)

Altars:
Cheibriados
Dithmenos
Elyvilon
Fedhas
Gozag
Hepliaklqana
Kikubaaqudgha
Makhleb
Nemelex Xobeh
Okawaru
Qazlal
Ru
Sif Muna
Trog
Uskayaw
Vehumet
Xom
Yredelemnul
Zin
The Shining One
Beogh
Jiyva
Lugonu


Message History

The redback bites you but does no damage.
You are too injured to fight recklessly!
You are too injured to fight recklessly!
You are too injured to fight recklessly!
You are too injured to fight recklessly!
Unknown command.
You slice the redback!!
You kill the redback!
Qazlal accepts your kill.
Your Armour skill increases to level 11!
Your Shields skill increases to level 11!
You closely miss the redback.
The redback is severely wounded.
The redback bites you!
* * * LOW HITPOINT WARNING * * *
You are lethally poisoned!
The redback poisons you! You block the redback's attack.
You closely miss the redback.
The redback is severely wounded.
You die...

__# ._# )## ..#
..# #'#
..#+##############
..#....#.#.#.....#
..##.#..#.##.###@#
..)##.#.#.##.#.s##
..#)).#..#..##..
▓▓▓▓▓▓▓▓▓▓▓▓▓▓▓▓


You could see a redback.

Vanquished Creatures
  Erolcha (D)
  A deep elf mage (D)
  A shadow (D)
  A redback (D)
  2 hill giants (D)
  A spatial vortex (D)
  A necrophage (D)
  3 two-headed ogres (D)
  A water elemental (D)
  A jelly (D)
  Jessica (D)
  A wizard (D)
  A necromancer (D)
  3 humans (D)
  A kobold demonologist (D)
  A wolf (D)
  2 oozes (D)
  A rat (D)
24 creatures vanquished.

Vanquished Creatures (others)
  2 draconian scorchers (D)
  6 hellions (D)
  A yaktaur (D)
  3 plants (D)
12 creatures vanquished.

Grand Total: 36 creatures vanquished

Notes
Turn   | Place    | Note
-------+----------+-------------------------------------------
     0 | D        | Groucho the Hill Orc Fighter began the quest for the Orb.
     0 | D        | Reached XP level 1. HP: 19/19 MP: 1/1
    10 | D        | Killed a yaktaur
    11 | D        | Reached skill level 3 in Axes
    14 | D        | Reached skill level 4 in Axes
    14 | D        | Reached XP level 2. HP: 22/27 MP: 2/2
    26 | D        | Noticed Jessica
    36 | D        | Killed Jessica
    36 | D        | Reached skill level 5 in Axes
    36 | D        | Reached XP level 3. HP: 32/35 MP: 3/3
    50 | D        | Reached skill level 6 in Axes
    72 | D        | Reached skill level 5 in Fighting
    91 | D        | Killed a hellion
    92 | D        | Killed a hellion
   112 | D        | Killed a hellion
   115 | D        | Killed a hellion
   172 | D        | Killed a hellion
   207 | D        | Killed a white draconian scorcher
   215 | D        | Killed a hellion
   278 | D        | Reached skill level 7 in Axes
   278 | D        | Reached skill level 5 in Armour
   278 | D        | Reached skill level 5 in Shields
   278 | D        | Reached XP level 4. HP: 27/42 MP: 4/4
   327 | D        | Killed a white draconian scorcher
   508 | D        | Noticed a water elemental
   516 | D        | Killed a water elemental
   516 | D        | Reached skill level 8 in Axes
   516 | D        | Reached XP level 5. HP: 50/50 MP: 5/5
   677 | D        | Reached skill level 9 in Axes
   818 | D        | Noticed a shadow
   826 | D        | Killed a shadow
   826 | D        | Reached skill level 11 in Axes
   826 | D        | Reached XP level 6. HP: 45/61 MP: 6/6
   977 | D        | Found a blossoming altar of Fedhas.
   977 | D        | Found a stormy altar of Qazlal.
   977 | D        | Found a snail-covered altar of Cheibriados.
   977 | D        | Found a burning altar of Makhleb.
   977 | D        | Found a shimmering altar of Xom.
   977 | D        | Noticed a spatial vortex
   978 | D        | Found a hazy altar of Hepliaklqana.
   978 | D        | Found an opulent altar of Gozag.
   978 | D        | Found a sparkling altar of Nemelex Xobeh.
   978 | D        | Found a corrupted altar of Lugonu.
   978 | D        | Found a viscous altar of Jiyva.
   993 | D        | Killed a spatial vortex
   998 | D        | Became a worshipper of Qazlal Stormbringer
  1021 | D        | Found a radiant altar of Vehumet.
  1022 | D        | Found a deep blue altar of Sif Muna.
  1022 | D        | Found an ancient bone altar of Kikubaaqudgha.
  1031 | D        | Reached XP level 7. HP: 35/69 MP: 7/7
  1035 | D        | Reached skill level 12 in Axes
  1035 | D        | Reached skill level 1 in Invocations
  1245 | D        | Found a shadowy altar of Dithmenos.
  1250 | D        | Reached * piety under Qazlal
  1383 | D        | Found a basalt altar of Yredelemnul.
  1383 | D        | Found a sacrificial altar of Ru.
  1391 | D        | Found a hide-covered altar of Uskayaw.
  1391 | D        | Found an iron altar of Okawaru.
  1392 | D        | Noticed a human
  1392 | D        | Found a roughly hewn altar of Beogh.
  1392 | D        | Found a bloodstained altar of Trog.
  1392 | D        | Noticed a human
  1405 | D        | Killed a human
  1407 | D        | Killed a human
  1407 | D        | Reached ** piety under Qazlal
  1407 | D        | Reached skill level 5 in Invocations
  1407 | D        | Reached XP level 8. HP: 12/79 MP: 9/11
  1820 | D        | Found a glowing silver altar of Zin.
  1820 | D        | Found a glowing golden altar of the Shining One.
  1820 | D        | Found a white marble altar of Elyvilon.
  1820 | D        | Noticed a deep elf mage
  1824 | D        | Killed a deep elf mage
  1824 | D        | Reached skill level 10 in Fighting
  1824 | D        | Reached skill level 13 in Axes
  2127 | D        | Reached skill level 10 in Armour
  2127 | D        | Reached skill level 10 in Shields
  2292 | D        | Noticed Erolcha
  2303 | D        | Noticed a redback
  2305 | D        | Killed Erolcha
  2305 | D        | Reached skill level 14 in Axes
  2305 | D        | Reached XP level 9. HP: 29/89 MP: 13/15
  2316 | D        | HP: 2/90 [redback (11)]
  2317 | D        | Succumbed to a redback's poison

Skill      XL: |  1  2  3  4  5  6  7  8  9 |
---------------+----------------------------+-----
Axes           | 4 5 7 8 11 12 14 | 14.6
Fighting       | 4 5 6 7 8 9 11 | 11.8
Shields        | 4 5 7 9 10 11 | 11.0
Armour         | 4 5 7 9 10 11 | 11.0
Invocations    | 5 8 9 |  9.4

Action                   |  1- 3 |  4- 6 |  7- 9 || total
-------------------------+-------+-------+-------++-------
Melee: War axe           |    28 |    38 |    52 ||   118
Invok: Upheaval          |       |       |     9 ||     9
  Use: Potion            |       |     1 |     6 ||     7
  Eat: Royal jelly       |       |       |     2 ||     2
Armor: Scale mail        |     8 |     4 |     8 ||    20
Dodge: Dodged            |     3 |     5 |     3 ||    11
Block: Shield            |    12 |    10 |    32 ||    54
